 Dungeon Crawl Stone Soup version 0.31-a0-986-g5e6e4ef867 (webtiles) character file.

Game seed: 16257713583213165084

188 Whiskey the Changeling (level 5, 0/33 HPs)
             Began as an Octopode Shapeshifter on Nov 11, 2023.
             Succumbed to a gnoll's poison
             ... on level 4 of the Dungeon.
             The game lasted 00:04:44 (3008 turns).

Whiskey the Changeling (Octopode Shapeshifter)      Turns: 3008, Time: 00:04:44

Health: 0/33       AC:  1    Str: 16    XL:     5   Next: 67%
Magic:  5/5        EV: 13    Int: 12    God:
Gold:   180        SH:  0    Dex: 11    Spells: 4/4 levels left

rFire   . .          .
                       - Unarmed
rCold   . . .        (no shield)
rNeg    . . .        (helmet currently unavailable)
rPois   .            (no amulet)
rElec   .            (no ring)
rCorr   .            (no ring)
SInv    .            (no ring)
Will    .....        (no ring)
Stlth   ++           (no ring)
HPRegen 0.25/turn    (no ring)
MPRegen 0.09/turn    (no ring)
                     (no ring)

%: no passive effects
@: lethally poisoned (0 -> -8), beast-form
A: beast (slay +3), almost no armour, amphibious, 8 rings, camouflage 1,
gelatinous body 1, (nimble swimmer 1), tentacles
a: Begin Untransformation


You were on level 4 of the Dungeon.
You were a hulking beast.
You visited 1 branch of the dungeon, and saw 4 of its levels.

You collected 180 gold pieces.

Inventory:

Hand Weapons
 p - a +1 whip of venom
   (You took it off an orc on level 3 of the Dungeon)
Missiles
 r - 2 poisoned darts (quivered)
Talismans
 b - a beast talisman
 c - a flux talisman
Scrolls
 e - 3 scrolls of identify {unknown}
 j - a scroll of noise {unknown}
 m - a scroll of enchant weapon {unknown}
 n - a scroll of blinking {unknown}
 o - 2 scrolls of summoning {unknown}
Potions
 a - a potion of lignification {!q}
 d - a potion of enlightenment {unknown}
 f - 4 potions of cancellation {unknown}
 g - 2 potions of curing {unknown}
 h - 2 potions of berserk rage {unknown}
 i - a potion of degeneration {unknown}
 k - a potion of ambrosia {unknown}
 l - a potion of brilliance {unknown}
 q - a potion of attraction {unknown}


   Skills:
 - Level 1.0 Fighting
 - Level 2.0 Dodging
 - Level 3.0 Unarmed Combat
 * Level 5.8 Shapeshifting


You had 4 spell levels left.
You didn't know any spells.
Your spell library was empty.

Dungeon Overview and Level Annotations

Branches:
Dungeon (4/15)
 Temple: D:4-7

Altars:


Innate Abilities, Weirdness & Mutations

You are a hulking beast.
Your limbs bulge with bestial killing power. (Slay +3)
You cannot wear most types of armour.
You are amphibious.
You can wear up to eight rings at the same time.
Your skin changes colour to match your surroundings (Stealth+).
Your rubbery body absorbs attacks. (AC +1, EV +1)
((You are camouflaged when in or above water. (Stealth+)))
You have tentacles for arms and can constrict up to eight enemies at once.


Message History

The ball python hisses angrily.
Health restored: 33 You tentacle-slap the ball python.
You kill the ball python!
No target in view!
No target in view!
Found an escape hatch in the floor.
No target in view!
Found a stone staircase leading up.
There is an escape hatch in the floor here.
r - 8 poisoned darts (gained 5)
A ball python comes into view.
You tentacle-slap the ball python but do no damage.
You grab the ball python. You constrict the ball python.
The ball python bites you. The ball python grabs you.
The ball python constricts you.
You take 4 damage, and have 29/33 hp.
You tentacle-slap the ball python.
You kill the ball python!
No target in view!
You now have 180 gold pieces (gained 15).
A gnoll comes into view. It is wielding a +0 whip.
The gnoll shouts!
A gnoll comes into view. It is wielding a +0 halberd of venom.
Health restored: 33 Throw: 8 darts (poison)
Press: ? - help, Q - select action, (/) - cycle Shift-Dir - straight line, f - gnoll
Aim: a gnoll, wielding a +0 whip (60% to hit)
You throw a poisoned dart. The poisoned dart hits the gnoll.
The gnoll is poisoned.
The gnoll shouts!
A gnoll comes into view. It is wielding a +0 club.
Throw: 7 darts (poison)
Press: ? - help, Q - select action, (/) - cycle Shift-Dir - straight line, f - gnoll, p - gnoll
Aim: a gnoll, wielding a +0 halberd of venom (60% to hit)
You throw a poisoned dart.
The poisoned dart closely misses the gnoll.
A gnoll comes into view. It is wielding a +0 spear.
Throw: 6 darts (poison)
Press: ? - help, Q - select action, (/) - cycle Shift-Dir - straight line, f/p - gnoll
Aim: a gnoll, wielding a +0 halberd of venom (61% to hit)
You throw a poisoned dart.
The poisoned dart closely misses the gnoll.
The poisoned dart barely misses the gnoll.
The gnoll shouts!
Throw: 5 darts (poison)
Press: ? - help, Q - select action, (/) - cycle Shift-Dir - straight line, f/p - gnoll
Aim: a gnoll, wielding a +0 halberd of venom (60% to hit)
You throw a poisoned dart.
The poisoned dart barely misses the gnoll.
The poisoned dart barely misses the gnoll.
Throw: 4 darts (poison)
Press: ? - help, Q - select action, (/) - cycle Shift-Dir - straight line, f/p - gnoll
Aim: a gnoll, wielding a +0 halberd of venom (61% to hit)
You throw a poisoned dart. The poisoned dart hits the gnoll.
The gnoll looks even sicker.
Throw: 3 darts (poison)
Press: ? - help, Q - select action, (/) - cycle Shift-Dir - straight line, f/p - gnoll
Aim: a gnoll, wielding a +0 halberd of venom (60% to hit)
You throw a poisoned dart. The poisoned dart hits the gnoll.
You tentacle-slap the gnoll.
You kill the gnoll!
The gnoll misses you. The gnoll attacks as it pursues you!
The gnoll barely misses you.
You see here a ball python corpse.
The gnoll attacks as it pursues you! The gnoll barely misses you.
The gnoll attacks as it pursues you! The gnoll hits you with a +0 club.
You take 2 damage, and have 31/33 hp.
There is a stone staircase leading up here.
The gnoll hits you with a +0 club!
You climb upwards.
There is a stone staircase leading down here.
You take 6 damage, and have 25/33 hp.
You tentacle-slap the gnoll. You grab the gnoll. You squeeze the gnoll.
You constrict the gnoll.
You kill the gnoll!
Things that are here:
a +0 club; a gnoll corpse
There is a stone staircase leading down here.
You start resting.
Health restored: 33 You climb downwards.
There is a stone staircase leading up here.
The gnoll hits you with a +0 spear!
You take 7 damage, and have 26/33 hp.
MASSIVE DAMAGE!!
You bludgeon the gnoll! Your grab misses the gnoll.
The gnoll closely misses you. The gnoll hits you with a +0 spear.
You take 3 damage, and have 23/33 hp.
You tentacle-slap the gnoll but do no damage.
Your grab misses the gnoll. Your squeeze misses the gnoll.
The gnoll completely misses you. The gnoll misses you.
You tentacle-slap the gnoll. You grab the gnoll. You constrict the gnoll.
The gnoll hits you from afar with a +0 halberd of venom!
* * * LOW HITPOINT WARNING * * *
You are poisoned.
The gnoll hits you with a +0 spear!
* * * LOW HITPOINT WARNING * * *
You take 21 damage, and have 2/33 hp.
MASSIVE DAMAGE!!
You release your grip on the gnoll.
You die...

##....#.... ##........##
##..........###.........#
##....##......##........##
##....# #.....##........#
##..#(.# #.....#........#
#...#(## #.............#
#...).## ##..).........##
##.....#####...............
####...##gg.h>.............
#...†.........##......##
#............## ##...##
###.......##...# ....
#.......####..## ...
###....## #..# ##..## ..##
#..# ..# #..# .#


You could see 2 gnolls.

Vanquished Creatures
  An orc wizard (D:3)
  6 gnolls
  2 adders (D:3)
  3 worms
  4 dart slugs
  9 orcs
  3 endoplasms
  3 giant cockroaches
  3 goblins
  6 hobgoblins
  4 jackals (D:2)
  A quokka (D:3)
  5 ball pythons
  2 bats
  4 frilled lizards
  4 kobolds
  6 rats
66 creatures vanquished.

Notes
Turn   | Place    | Note
-------+----------+-------------------------------------------
     0 | D:1      | Whiskey the Octopode Shapeshifter began the quest for the
                  | Orb.
     0 | D:1      | Reached XP level 1. HP: 13/13 MP: 1/1
   170 | D:1      | Reached XP level 2. HP: 14/18 MP: 2/2
   868 | D:2      | Reached XP level 3. HP: 14/23 MP: 3/3
   869 | D:2      | Reached skill level 4 in Shapeshifting
  1448 | D:2      | Reached XP level 4. HP: 17/28 MP: 4/4
  1564 | D:3      | HP: 3/28 [gnoll/+0 spear (9)]
  1752 | D:3      | Reached skill level 5 in Shapeshifting
  2003 | D:3      | Reached XP level 5. HP: 26/33 MP: 5/5
  3007 | D:4      | HP: 2/33 [gnoll/+0 spear (7)]
  3008 | D:4      | Succumbed to a gnoll's poison

Illustrated notes

Levels and vault maps discovered:
D:1:      spicycebolla_arrival_risky_transporter, layout_basic
D:2:      layout_loops_ring, grunt_decor_clamped
D:3:      layout_loops_corners
D:4:      layout_layer_cave, gammafunk_temple_overflow_elements

Skill      XL: |  1  2  3  4 |
---------------+-------------+-----
Shapeshifting  | 4 5 |  5.8
Fighting       | |  1.0
Dodging        | |  2.0
Unarmed Combat | |  3.0

Action                     |  1- 3 |  4- 6 || total
---------------------------+-------+-------++-------
  Melee: Unarmed           |    57 |    68 ||   125
         Constrict         |    15 |    18 ||    33
         Tentacles         |    11 |    14 ||    25
         Punch             |     1 |       ||     1
  Throw: Dart              |       |     6 ||     6
   Stab: Sleeping          |     9 |     6 ||    15
 Armour: Skin              |    21 |    35 ||    56
  Dodge: Dodged            |    29 |    28 ||    57

Table legend: (Time is in decaauts)
 A = Elapsed time spent in this place.
 B = Non-inter-level travel time spent in this place.
 C = Inter-level travel time spent in this place.
 D = Time resting spent in this place.
 E = Time spent auto-exploring this place.
 F = Levels seen in this place.
 G = Mean time per level.
                   A        B        C        D        E       F      G
               +--------+--------+--------+--------+--------+-----+--------+
         Total |   3006 |   2902 |    104 |    377 |   2079 |   4 |  751.5 |
       Dungeon |   3006 |   2902 |    104 |    377 |   2079 |   4 |  751.5 |
               +--------+--------+--------+--------+--------+-----+--------+

Top non-repeatable levels by time:
     D:3: 1233 daAuts
     D:2: 850 daAuts
     D:1: 740 daAuts
     D:4: 181 daAuts

Levels and vault maps discovered:
D:1:      spicycebolla_arrival_risky_transporter, layout_basic
D:2:      layout_loops_ring, grunt_decor_clamped
D:3:      layout_loops_corners
D:4:      layout_layer_cave, gammafunk_temple_overflow_elements

Table legend: (Time is in decaauts)
 A = Elapsed time spent in this place.
 B = Non-inter-level travel time spent in this place.
 C = Inter-level travel time spent in this place.
 D = Time resting spent in this place.
 E = Time spent auto-exploring this place.
 F = Levels seen in this place.
 G = Mean time per level.
                   A        B        C        D        E       F      G
               +--------+--------+--------+--------+--------+-----+--------+
         Total |   3006 |   2902 |    104 |    377 |   2079 |   4 |  751.5 |
       Dungeon |   3006 |   2902 |    104 |    377 |   2079 |   4 |  751.5 |
               +--------+--------+--------+--------+--------+-----+--------+

Top non-repeatable levels by time:
     D:3: 1233 daAuts
     D:2: 850 daAuts
     D:1: 740 daAuts
     D:4: 181 daAuts

Table legend:
 A = Kills in this place as a percentage of kills in the entire game.
 B = Kills by you in this place as a percentage of kills by you in the entire game.
 C = Kills by friends in this place as a percentage of kills by friends in the entire game.
 D = Other kills in this place as a percentage of other kills in the entire game.
 E = Experience gained in this place as a percentage of experience gained in the entire game.
 F = Experience gained in this place divided by the number of levels of this place that you have seen.
                   A       B       C       D       E      F
               +-------+-------+-------+-------+-------+----------------------
         Total | 100.0 | 100.0 |   N/A |   N/A | 100.0 |  67.2
       Dungeon | 100.0 | 100.0 |   N/A |   N/A | 100.0 |  67.2
               +-------+-------+-------+-------+-------+----------------------
